 Dungeon Crawl Stone Soup version 0.28-a0-973-ga7f8b01127 (webtiles) character file.

Game seed: 12364306427309847697

1390 bande the Chopper (level 8, -8/51 HPs)
             Began as a Gargoyle Fighter on Dec 1, 2021.
             Was a Follower of Okawaru.
             Mangled by an orc warrior (11 damage)
             ... on level 6 of the Dungeon.
             The game lasted 00:09:43 (5395 turns).

bande the Chopper (Gargoyle Fighter)                Turns: 5395, Time: 00:09:44

Health: -8/51      AC: 15    Str: 22    XL:     8   Next: 68%
Magic:  10/10      EV:  8    Int:  9    God:    Okawaru [*.....]
Gold:   391        SH:  4    Dex:  9    Spells: 7/7 levels left

rFire   . . .      SeeInvis .   a - +1 war axe (protect)
rCold   . . .      Faith    .   c - +0 buckler
rNeg    + . .      Spirit   .   m - +0 chain mail
rPois   ∞          Reflect  .   k - +0 hat
rElec   +          Harm     .   (no cloak)
rCorr   +          Rampage  .   (no gloves)
Will    .....                   (no boots)
Stlth   ..........              j - amulet of regeneration
HPRegen 0.97/turn               h - ring of resist corrosion
MPRegen 0.12/turn               (no ring)

@: no status effects
A: sickness immunity, AC +5, negative energy resistance 1, electricity
resistance, torment resistance 1, petrification resistance, antennae 1, mutation
resistance 1
a: Renounce Religion, Heroism


You were on level 6 of the Dungeon.
You worshipped Okawaru.
Okawaru was aware of your devotion.
You visited 2 branches of the dungeon, and saw 7 of its levels.

You collected 391 gold pieces.

Inventory:

Hand Weapons
 a - a +1 war axe of protection (weapon)
 f - a +0 flail
Armour
 c - a +0 buckler (worn)
 k - a +0 hat (worn)
 m - a +0 chain mail (worn)
Jewellery
 h - a ring of resist corrosion (left hand)
 j - an amulet of regeneration (around neck)
Wands
 g - a wand of iceblast (6)
Scrolls
 b - 2 scrolls of enchant weapon
Potions
 d - 2 potions of haste
 e - 2 potions of invisibility
 i - 6 potions of curing
 l - 2 potions of brilliance {unknown}


   Skills:
 + Level 5.6 Fighting
 + Level 6.6 Axes
 + Level 6.2 Armour
 + Level 4.5 Shields
 * Level 2.9 Invocations


You had 7 spell levels left.
You didn't know any spells.
Your spell library was empty.

Dungeon Overview and Level Annotations

Branches:
Dungeon (6/15)             Temple (1/1) D:5

Altars:
Ashenzari
Cheibriados
Dithmenos
Elyvilon
Fedhas
Gozag
Hepliaklqana
Nemelex Xobeh
Okawaru
Qazlal
Ru
Sif Muna
Uskayaw
Vehumet
Wu Jian
Xom
Zin
The Shining One

Shops:
D:3 (   D:4 [

Annotations:
D:3 3 runed translucent doors, mainiacjoe's ghost, amateur OpSu
D:5 2 transporters


Innate Abilities, Weirdness & Mutations

You are immune to sickness and miasma.
Your stone body is resilient. (AC +5)
You are immune to poison.
You resist negative energy. (rN+)
You are resistant to electric shocks. (rElec)
You are resistant to unholy torment.
You are immune to petrification.
You have a pair of small antennae on your head.
You are somewhat resistant to further mutation.


Message History

You hear some strange, mumbled words.
A puff of flame appears from out of thin air!
The puff of flame hits you but does no damage.
You hit something.
The orc warrior hits you but does no damage.
You hear some strange, mumbled words.
A puff of flame appears from out of thin air!
The puff of flame misses you.
You hit something but do no damage.
The orc warrior hits you from afar with a +0 halberd.
Something hits you but does no damage.
You slash something! Okawaru accepts your kill.
Reactivating autopickup.
You feel a bit more experienced.
The orc warrior hits you but does no damage.
The orc barely misses you.
You barely miss the orc. The orc warrior barely misses you.
The orc hits you but does no damage. You block the orc warrior's attack.
You hit the orc.
The orc is heavily wounded.
The orc hits you but does no damage. You block the orc warrior's attack.
You barely miss the orc.
The orc is heavily wounded.
The orc barely misses you.
The orc warrior hits you from afar with a +0 halberd.
You slash the orc!
You kill the orc!
Okawaru accepts your kill.
The orc warrior hits you from afar with a +0 halberd!
* * * LOW HITPOINT WARNING * * *
The orc warrior hits you but does no damage.
Items here: )))) [[[ ††.
Found a scale mail.
The orc warrior hits you but does no damage.
You block the orc warrior's attack.
The orc warrior hits you from afar with a +0 halberd!
* * * LOW HITPOINT WARNING * * *
The orc warrior hits you with a +0 halberd!
You die...

###..#####
.........#
.........#
....[....#
.........#
.........#
.........#
.........#
.......@.#
.......o.#
######..## ##)# .#
##..########.## .#
#...#......#..# .#
#..##......##.# .#
#..##......##.##.#
#..##......##..#.#


You could see an orc warrior.

Vanquished Creatures
  Sigmund (D:2)
  2 sky beasts
  3 black bears
  A necrophage (D:4)
  3 scorpions
  A water moccasin skeleton (D:5)
  A hound (D:5)
  2 jellies
  2 bullfrog skeletons (D:5)
  Jessica (D:2)
  Natasha (thrice) (D:2)
  An orc wizard (D:6)
  An iguana (D:5)
  A hound skeleton (D:5)
  A gnoll (D:1)
  5 adders
  2 white imps (D:5)
  3 worms
  2 dart slugs
  7 orcs
  6 bats
  7 endoplasms
  5 goblins
  7 hobgoblins
  3 quokkas
  5 ball pythons
  4 frilled lizards
  6 kobolds
  12 rats
98 creatures vanquished.

Notes
Turn   | Place    | Note
-------+----------+-------------------------------------------
     0 | D:1      | bande the Gargoyle Fighter began the quest for the Orb.
     0 | D:1      | Reached XP level 1. HP: 14/14 MP: 1/1
    35 | D:1      | Reached XP level 2. HP: 6/19 MP: 2/2
   562 | D:1      | Reached XP level 3. HP: 22/24 MP: 3/3
   944 | D:2      | Noticed Jessica
   950 | D:2      | Killed Jessica
   951 | D:2      | Reached XP level 4. HP: 18/29 MP: 4/4
  1351 | D:2      | Noticed Sigmund
  1361 | D:2      | Killed Sigmund
  1362 | D:2      | Reached XP level 5. HP: 22/33 MP: 5/5
  1362 | D:2      | Reached XP level 6. HP: 25/38 MP: 6/6
  1576 | D:2      | Noticed Natasha
  1585 | D:2      | Killed Natasha
  1724 | D:2      | Found a faded altar of an unknown god.
  1849 | D:2      | Noticed Natasha
  1854 | D:2      | Killed Natasha
  2077 | D:2      | Noticed Natasha
  2084 | D:2      | Killed Natasha
  2351 | D:3      | Found a stormy altar of Qazlal.
  2960 | D:3      | Found Beack's Antique Weapon Shop.
  3082 | D:3      | Found a runed translucent gate.
  3082 | D:3      | Found a runed translucent gate.
  3083 | D:3      | Found a runed translucent gate.
  3085 | D:3      | Noticed mainiacjoe's ghost (amateur OpSu)
  3393 | D:4      | Gained mutation: You are dopey. (Int -2) [potion of
                  | mutation]
  3393 | D:4      | Gained mutation: You expend magic power (3 MP) to
                  | strengthen your wands. [potion of mutation]
  3393 | D:4      | Gained mutation: You are somewhat resistant to further
                  | mutation. [potion of mutation]
  3394 | D:4      | Lost mutation: You are dopey. (Int -2) [potion of mutation]
  3394 | D:4      | Lost mutation: You expend magic power (3 MP) to strengthen
                  | your wands. [potion of mutation]
  3394 | D:4      | Gained mutation: You have a pair of small antennae on your
                  | head. [potion of mutation]
  3398 | D:4      | Noticed a necrophage
  3414 | D:4      | Killed a necrophage
  3415 | D:4      | Reached skill level 5 in Armour
  3474 | D:4      | Reached XP level 7. HP: 44/44 MP: 7/7
  3545 | D:4      | Reached skill level 5 in Axes
  3911 | D:4      | Found Toafuy's Antique Armour Shoppe.
  4109 | D:4      | Reached skill level 5 in Fighting
  4278 | D:5      | Entered Level 5 of the Dungeon
  4292 | D:5      | Found a staircase to the Ecumenical Temple.
  4309 | Temple   | Entered the Ecumenical Temple
  4352 | Temple   | Became a worshipper of Warmaster Okawaru
  4575 | D:5      | Found an opulent altar of Gozag.
  4616 | D:5      | Noticed a steam dragon
  4617 | D:5      | Found a transporter.
  4618 | D:5      | Noticed a wraith
  4627 | D:5      | Reached skill level 1 in Invocations
  4730 | D:5      | Reached XP level 8. HP: 49/49 MP: 8/8
  4735 | D:5      | Found a radiant altar of Vehumet.
  4736 | D:5      | Found a shadowy altar of Dithmenos.
  4737 | D:5      | Found a hide-covered altar of Uskayaw.
  4741 | D:5      | Found a transporter.
  4812 | D:5      | Found a blossoming altar of Fedhas.
  5115 | D:5      | Found a hazy altar of Hepliaklqana.
  5190 | D:6      | Found a sacrificial altar of Ru.
  5219 | D:6      | Reached * piety under Okawaru
  5393 | D:6      | HP: 1/51 [orc warrior (8)]
  5395 | D:6      | Mangled by an orc warrior

Illustrated notes

Levels and vault maps discovered:
D:1:      wander_arrival_peaceful_grave, layout_basic, st_stairs_8
D:2:      layout_basic, shapermc_ecumenical_altar_mp_vishouse, uniq_natasha,
          uniq_sigmund, uniq_jessica
D:3:      layout_basic, nicolae_qazlal_general_emergency,
          gammafunk_ghost_necromancy, serial_shops, nicolae_lakefront_shop
D:4:      layout_cave_pools, serial_shops, shop
D:5:      layout_gridville, nzn_hepliaklqana_mist_gate, grunt_gozag_breadcrumbs,
          fedhas_altar_1, gammafunk_temple_overflow_arena,
          minmay_temple_entry_mini_moons
D:6:      minmay_chambers_of_threes, layout_basic, mainiacjoe_overflow_brackets,
          kiku_gazebo_pond_becter
Temple:   jpeg_temple_alley_garden

Skill      XL: |  1  2  3  4  5  6  7  8 |
---------------+-------------------------+-----
Axes           | 2 3 4 5 6 |  6.6
Armour         | 4 5 6 |  6.2
Fighting       | 4 5 |  5.6
Shields        | 4 |  4.5
Invocations    | 1 2 |  2.9

Action                   |  1- 3 |  4- 6 |  7- 9 || total
-------------------------+-------+-------+-------++-------
Melee: War axe           |    71 |   120 |   169 ||   360
  Use: Potion            |     1 |     3 |       ||     4
       Scroll            |     1 |     3 |     7 ||    11
Armor: Scale mail        |    33 |    56 |       ||    89
       Chain mail        |       |    10 |   157 ||   167
Dodge: Dodged            |    34 |    50 |    62 ||   146
Block: Buckler           |    16 |    19 |    37 ||    72

Table legend: (Time is in decaauts)
 A = Elapsed time spent in this place.
 B = Non-inter-level travel time spent in this place.
 C = Inter-level travel time spent in this place.
 D = Time resting spent in this place.
 E = Time spent auto-exploring this place.
 F = Levels seen in this place.
 G = Mean time per level.
                   A        B        C        D        E       F      G
               +--------+--------+--------+--------+--------+-----+--------+
         Total |   5505 |   5364 |    141 |    627 |   3386 |   7 |  786.4 |
       Dungeon |   5264 |   5138 |    126 |    627 |   3246 |   6 |  877.3 |
        Temple |    241 |    226 |     15 |      0 |    140 |   1 |  241.0 |
               +--------+--------+--------+--------+--------+-----+--------+

Top non-repeatable levels by time:
     D:2: 1368 daAuts
     D:3: 1108 daAuts
     D:1: 964 daAuts
     D:4: 921 daAuts
     D:5: 680 daAuts
  Temple: 241 daAuts
     D:6: 220 daAuts
